 Dungeon Crawl Stone Soup version 0.19.1-1-g22dce08 (webtiles) character file.

976 theAP the Slasher (level 8, 0/71 HPs)
             Began as a Hill Orc Fighter on Jan 13, 2017.
             Was a Follower of Beogh.
             Slain by Pikel
             ... wielding a +2 whip of electrocution
              (16 damage)
             ... on level 4 of the Dungeon.
             The game lasted 00:07:21 (2731 turns).

theAP the Slasher (Hill Orc Fighter)                Turns: 2731, Time: 00:07:21

Health: 0/71       AC: 10    Str: 21    XL:     8   Next: 16%
Magic:  8/8        EV: 11    Int:  8    God:    Beogh [*.....]
Gold:   176        SH:  5    Dex: 10    Spells: 0 memorised, 7 levels left

rFire  . . .     SeeInvis .     a - +1 long sword
rCold  + . .     Gourm    .     b - +0 scale mail
rNeg   . . .     Faith    .     m - +1 buckler {rPois}
rPois  +         Spirit   .     i - +0 helmet
rElec  .         Reflect  .     s - +0 cloak
rCorr  .         Harm     .     (no gloves)
MR     .....                    r - +0 pair of boots
Stlth  ..........               (no amulet)
                                t - +3 ring of slaying
                                h - ring of protection from cold

@: no status effects
A: no striking features
a: Renounce Religion


You were on level 4 of the Dungeon.
You worshipped Beogh.
Beogh was aware of your devotion.
You were not hungry.

You visited 1 branch of the dungeon, and saw 4 of its levels.
You also visited: Ossuary.

You collected 176 gold pieces.

Inventory:

Hand Weapons
 a - a +1 long sword (weapon)
Armour
 b - a +0 scale mail (worn)
 c - a +0 shield
 e - a -1 chain mail
 i - a +0 helmet (worn)
 m - a +1 buckler of poison resistance (worn)
 r - a +0 pair of boots (worn)
 s - a +0 cloak (worn)
Jewellery
 g - an uncursed ring of positive energy
 h - a ring of protection from cold (left hand)
 t - a +3 ring of slaying (right hand)
Wands
 k - a wand of lightning (6/15)
 v - a wand of disintegration (12/24)
Potions
 d - a potion of might
 j - a potion of degeneration
 n - 4 potions of curing
 p - a potion of invisibility
 q - a potion of heal wounds
Comestibles
 f - 3 bread rations
 l - 2 meat rations


   Skills:
 + Level 6.6 Fighting
 * Level 7.1 Long Blades
 - Level 3.5 Armour
 + Level 3.5 Dodging
 - Level 3.4 Shields


You had 7 spell levels left.
You didn't know any spells.

Dungeon Overview and Level Annotations

Branches:
Dungeon (4/15)
 Temple: D:4-7

Altars:
Ashenzari

Annotations:
D:4 Pikel


Message History

The slave closely misses you.
You hit the slave.
The slave is severely wounded.
Pikel barely misses you. The slave barely misses you.
You block the slave's attack.
You hit the slave.
The slave is severely wounded.
You block Pikel's attack. The slave closely misses you. The slave hits you.
Pikel hits you but does no damage. The slave closely misses you.
You riposte.
You slash the slave!
The slave is almost dead.
You barely miss the slave.
The slave is almost dead.
The slave hits you.
* * * LOW HITPOINT WARNING * * *
The slave hits you but does no damage.
Pikel hits you with a whip of electrocution.
* * * LOW HITPOINT WARNING * * *
You are electrocuted!
You die...

........#...########..##...##....
........#'####....#.........+..##
........+...#.....#.........#.##
........##'##.....#........##
......#'##.##.....#........#
###..>#...≈##.....#.........
..#...#.≈≈≈# #....#.........
..#...#.≈#####.Kp##.####...#
..#...#'##..#..p@##.## ...
..'.....'.........(..+
###(.o..#[...#.......#
#.......#....[.......#
#.<.....###..[......## '.......#
#.#.......# #......o# #.#..##...#
#.......# #.........# #.......#
####......#


You could see Pikel and 2 slaves.

Vanquished Creatures
  Menkaure (D:4)
  2 slaves (D:4)
  4 elf zombies (Ossuary)
  Blork the orc (D:4)
  A crimson imp (D:3)
  Crazy Yiuf (D:3)
  2 centaur zombies (Ossuary)
  Ijyb (D:3)
  Terence (D:3)
  A worker ant (D:4)
  2 big kobold zombies (Ossuary)
  2 hound zombies (Ossuary)
  3 mummies (Ossuary)
  8 adders
  3 gnolls (D:3)
  An adder zombie (Ossuary)
  A worm (D:3)
  A dart slug (D:1)
  2 leopard geckos
  5 orcs
  3 ball pythons
  2 giant cockroaches
  2 gnoll zombies (Ossuary)
  8 goblins
  5 hobgoblins
  3 quokkas
  7 bats
  6 frilled lizards
  4 goblin zombies (Ossuary)
  A hobgoblin zombie (Ossuary)
  A jackal skeleton (D:4)
  4 jackal zombies (Ossuary)
  5 kobolds
  2 kobold zombies (Ossuary)
  A leopard gecko skeleton (D:4)
  An orc zombie (Ossuary)
  6 quokka zombies (Ossuary)
  8 rats
112 creatures vanquished.

Notes
Turn   | Place    | Note
-------+----------+-------------------------------------------
     0 | D:1      | theAP the Hill Orc Fighter began the quest for the Orb.
     0 | D:1      | Reached XP level 1. HP: 19/19 MP: 1/1
   126 | D:1      | Reached XP level 2. HP: 24/27 MP: 2/2
   571 | D:2      | Reached XP level 3. HP: 33/33 MP: 3/3
   642 | D:2      | Reached skill level 3 in Long Blades
  1030 | D:3      | Reached skill level 1 in Dodging
  1073 | D:3      | Reached XP level 4. HP: 38/40 MP: 4/4
  1113 | D:3      | Found a runed door.
  1117 | D:3      | Noticed Crazy Yiuf
  1125 | D:3      | Killed Crazy Yiuf
  1169 | D:3      | Found a shattered altar of Ashenzari.
  1302 | D:3      | Reached XP level 5. HP: 42/46 MP: 5/5
  1303 | D:3      | Reached skill level 4 in Long Blades
  1497 | D:3      | Noticed Ijyb
  1522 | D:3      | Killed Ijyb
  1544 | D:3      | Noticed Terence
  1558 | D:3      | Killed Terence
  1558 | D:3      | Reached XP level 6. HP: 44/55 MP: 6/6
  1559 | D:3      | Reached skill level 5 in Fighting
  1843 | D:4      | Became a worshipper of Beogh the Brigand
  1884 | D:4      | Noticed Blork the orc
  1896 | D:4      | Killed Blork the orc
  1896 | D:4      | Reached skill level 5 in Long Blades
  2043 | D:4      | Noticed Menkaure
  2051 | D:4      | Killed Menkaure
  2051 | D:4      | Reached XP level 7. HP: 21/61 MP: 7/7
  2204 | D:4      | Found a sand-covered staircase.
  2217 | Ossuary  | Entered an ossuary
  2277 | Ossuary  | Reached skill level 6 in Long Blades
  2354 | Ossuary  | Reached * piety under Beogh
  2535 | Ossuary  | Reached XP level 8. HP: 45/71 MP: 8/8
  2593 | Ossuary  | Reached skill level 7 in Long Blades
  2713 | D:4      | Noticed Pikel
  2731 | D:4      | Slain by Pikel

Skill      XL: |  1  2  3  4  5  6  7  8 |
---------------+-------------------------+-----
Fighting       | 4 5 6 |  6.6
Long Blades    | 3 4 5 6 7 |  7.1
Dodging        | 1 2 3 |  3.5
Armour         | |  3.5
Shields        | |  3.4

Action                   |  1- 3 |  4- 6 |  7- 9 || total
-------------------------+-------+-------+-------++-------
Melee: Long sword        |   115 |   212 |   202 ||   529
Invok: Convert to Beogh  |       |     1 |       ||     1
  Use: Scroll            |     2 |     2 |     6 ||    10
  Eat: Chunk             |     1 |     1 |     2 ||     4
       Pizza             |       |     1 |       ||     1
       Royal jelly       |       |       |     1 ||     1
Armor: Chain mail        |    73 |   108 |       ||   181
       Scale mail        |     1 |     6 |    78 ||    85
Dodge: Dodged            |    36 |    75 |   100 ||   211
Block: Shield            |    34 |       |       ||    34
       Buckler           |     8 |    60 |    47 ||   115
       Rpst.: Long sword |    14 |    22 |    45 ||    81
